 Dungeon Crawl Stone Soup version 0.28.0-45-g0d030f2227 (webtiles) character file.

Game seed: 12353372153147821662

17 101zpm the Chiller (level 2, -6/15 HPs)
             Began as a Deep Elf Ice Elementalist on Apr 20, 2022.
             Mangled by a worm (11 damage)
             ... on level 2 of the Dungeon.
             The game lasted 00:01:22 (1116 turns).

101zpm the Chiller (Deep Elf Ice Elementalist)      Turns: 1116, Time: 00:01:23

Health: -6/15      AC:  2    Str:  5    XL:     2   Next: 44%
Magic:  7/8        EV: 12    Int: 19    God:
Gold:   48         SH:  0    Dex: 15    Spells: 6/7 levels left

rFire   . . .      SeeInvis .   b - +1 great sword (elec)
rCold   . . .      Faith    .   (shield currently unavailable)
rNeg    . . .      Spirit   .   a - +0 robe
rPois   .          Reflect  .   (no helmet)
rElec   .          Harm     .   (no cloak)
rCorr   .          Rampage  .   (no gloves)
Will    .....                   (no boots)
Stlth   ++........              (no amulet)
HPRegen 0.05/turn               (no ring)
MPRegen 0.11/turn               (no ring)

@: no status effects
A: no striking features
a: no special abilities


You were on level 2 of the Dungeon.
You visited 1 branch of the dungeon, and saw 2 of its levels.

You collected 48 gold pieces.

Inventory:

Hand Weapons
 b - a +1 great sword of electrocution (weapon)
Armour
 a - a +0 robe (worn)
Scrolls
 d - a scroll of immolation {unknown}
 e - a scroll of teleportation {unknown}
Potions
 c - a potion of curing {unknown}


   Skills:
 + Level 0.2 Long Blades
 + Level 2.4 Dodging
 + Level 2.4 Stealth
 + Level 3.2 Spellcasting
 + Level 5.0 Ice Magic


You had 6 spell levels left.
You knew the following spells:

 Your Spells              Type           Power      Damage    Failure   Level
a - Freeze                Ice            88%        1d10      1%          1

Your spell library contained the following spells:

 Spells                   Type           Power      Damage    Failure   Level
 Frozen Ramparts          Ice            44%        1d6       6%          3
 Ozocubu's Armour         Ice            22%        N/A       6%          3
 Hailstorm                Conj/Ice       12%        3d5       47%         4


Dungeon Overview and Level Annotations

Branches:
Dungeon (2/15)

Altars:


Message History

No target in view!
No target in view!
No target in view!
No target in view!
You see here a +0 robe.
Done exploring.
Done exploring.
Done exploring.
Done exploring.
No target in view!
(D) Dungeon
Where to? (? - help)
What level of the Dungeon? (default 1, ? - help)
There is a stone staircase leading down here.
You climb downwards.
There is a stone staircase leading up here.
A worm comes into view.
A worm is nearby!
A worm is nearby!
The helpless worm fails to defend itself.
You slash the worm!
The worm is heavily wounded.
The worm bites you.
You barely miss the worm.
The worm is heavily wounded.
The worm bites you.
You are too injured to fight recklessly!
You are too injured to fight recklessly!
You are too injured to fight recklessly!
You are too injured to fight recklessly!
You are too injured to fight recklessly!
You are too injured to fight recklessly!
Aiming: Freeze (safe; 1% risk of failure)
Press: ? - help, Q - select action Shift-Dir - straight line, f - worm
Aim: a worm (heavily wounded)
You freeze the worm.
The worm is heavily wounded.
The worm bites you!
Ouch! That really hurt!
You die...

############
#...##.....#
#...##.....#
#...##.....#
#.<........##
#...##.....!#
#...##......#
#...##@.....#
#...##w.....#
###....####.#
####.. .. ...
. ####


You could see a worm.

Vanquished Creatures
  2 endoplasms (D:1)
  3 goblins (D:1)
  2 ball pythons (D:1)
  4 bats (D:1)
  2 frilled lizards (D:1)
  2 kobolds (D:1)
  2 rats (D:1)
17 creatures vanquished.

Notes
Turn   | Place    | Note
-------+----------+-------------------------------------------
     0 | D:1      | 101zpm the Deep Elf Ice Elementalist began the quest for
                  | the Orb.
     0 | D:1      | Reached XP level 1. HP: 10/10 MP: 6/6
   535 | D:1      | Reached XP level 2. HP: 6/15 MP: 6/8
   844 | D:1      | Found a faded altar of an unknown god.
  1001 | D:1      | Reached skill level 5 in Ice Magic
  1116 | D:2      | Mangled by a worm

Illustrated notes

Levels and vault maps discovered:
D:1:      wander_arrival_estate, layout_rooms,
          hellmonk_ecumenical_altar_heavens_door, serial_park_tiny_pond,
          minmay_misc_feat_iff
D:2:      minmay_skewed_foursquare, layout_rooms, grunt_ministairs_13,
          uniq_robin

Skill      XL: |  1  2 |
---------------+-------+-----
Ice Magic      | 5 |  5.0
Long Blades    | |  0.2
Dodging        | |  2.4
Stealth        | |  2.4
Spellcasting   | |  3.2

Action                   || total
-------------------------++-------
Melee: Great sword       ||    40
       Unarmed           ||     1
 Cast: Freeze            ||    10
 Stab: Sleeping          ||     3
Armor: Robe              ||    25
Dodge: Dodged            ||    52
